 Dungeon Crawl Stone Soup version 0.27-a0-79-gcaaa221d37 (webtiles) character file.

Game seed: 12024980897467960878

72 kae the Insei (level 4, 0/29 HPs)
             Began as an Octopode Transmuter on Jan 14, 2021.
             Succumbed to an adder's poison
             ... on level 2 of the Dungeon.
             The game lasted 00:00:59 (1885 turns).

kae the Insei (Octopode Transmuter)                 Turns: 1885, Time: 00:01:00

Health: 0/29       AC:  1    Str: 10    XL:     4   Next: 26%
Magic:  7/7        EV: 13    Int: 15    God:
Gold:   138        SH:  0    Dex: 12    Spells: 3/7 levels left

rFire    + + .     SeeInvis .     - Unarmed
rCold    . . .     Faith    .   (no shield)
rNeg     . . .     Spirit   .   (helmet currently unavailable)
rPois    +         Reflect  .   (no amulet)
rElec    .         Harm     .   f - ring of protection from fire
rCorr    .         Rampage  .   h - ring of poison resistance
Will     .....                  k - ring of protection from fire
Stlth    ++........             (no ring)
HPRegen  0.09/turn              (no ring)
MPRegen  0.10/turn              (no ring)
                                (no ring)
                                (no ring)

@: brilliant, lethally poisoned (0 -> -4), appendages (expiring)
A: almost no armour, stealthy swim, amphibious, 8 rings, constrict 8, tentacle
spike 3, camouflage 1, gelatinous body 1
a: End Transformation


You were on level 2 of the Dungeon.
One of your tentacles had a temporary spike.
You visited 1 branch of the dungeon, and saw 2 of its levels.

You collected 138 gold pieces.

Inventory:

Jewellery
 f - a ring of protection from fire (left tentacle)
 h - a ring of poison resistance (right tentacle)
 k - a ring of protection from fire (on tentacle)
Scrolls
 c - 5 scrolls of identify {unknown}
 d - 3 scrolls of teleportation {unknown}
 e - a scroll of amnesia {unknown}
 i - 2 scrolls of magic mapping {unknown}
 j - 2 scrolls of enchant armour {unknown}
 n - a scroll of remove curse {unknown}
Potions
 b - a potion of heal wounds {unknown}
 g - a potion of lignification {unknown}
 l - 3 potions of curing {unknown}
 m - a potion of flight {unknown}


   Skills:
 + Level 1.7 Fighting
 + Level 2.4 Dodging
 * Level 3.7 Unarmed Combat
 + Level 2.3 Spellcasting
 + Level 2.4 Transmutations
 * Level 1.2 Poison Magic


You had 3 spell levels left.
You knew the following spells:

 Your Spells              Type           Power        Failure   Level
a - Beastly Appendage     Tmut           26%          8%          1
b - Spider Form           Tmut/Pois      5%           30%         3

Your spell library contained the following spells:

 Spells                   Type           Power        Failure   Level
 Wereblood                Tmut           13%          12%         2
 Ice Form                 Ice/Tmut       8%           78%         4
 Blade Hands              Tmut           6%           91%         5


Dungeon Overview and Level Annotations

Branches:
Dungeon (2/15)

Altars:
Ashenzari


Innate Abilities, Weirdness & Mutations

You cannot wear most types of armour.
You are very stealthy in the water. (Stealth+)
You are amphibious.
You can wear up to eight rings at the same time.
You can use your tentacles to constrict eight enemies at once.
Your skin changes colour to match your surroundings (Stealth+).
Your rubbery body absorbs attacks. (AC +1, EV +1)
One of your tentacles bears a large vicious spike.


Message History

Your tentacle spike misses the adder.
The adder is almost dead.
* * * LOW HITPOINT WARNING * * *
You feel sick. The adder barely misses you.
You miss the adder. Your grab misses the adder.
You squeeze the adder, but do no damage.
The adder is almost dead.
Your transformation is almost over.
The adder bites you.
* * * LOW HITPOINT WARNING * * *
Okay, then.
You tentacle-slap the adder but do no damage.
You grab the adder.
You pierce the adder.
You kill the adder!
Okay, then.
Unknown command.
There is a lethal amount of poison in your body!
It was a potion of brilliance.
You feel clever all of a sudden.
You die...

.# #.#.# #.#######.....# # .#
#.#[##########...........#.# #
.###....................#...#.# #
.....#..................#...#.# #
.###.##############.........#.# #
.# #.# #....#.......#.# # .# #.#
#.#..#.#.....#.# # .###.#
#.#..#.#.....#.# # .....#
#@#..#...<.#...# # ######
#.#....#.#.##### # (#
#...<#.#.#.# #
.###############.####.#.#.#####.#
.............................>..#
#.......##.###.########.#.#######
..#####.#(..............#.# #
#.## #....###.##########.# # ...#
#....###............# #


There were no monsters in sight!

Vanquished Creatures
  3 adders (D:2)
  An ooze (D:1)
  A worm (D:2)
  2 leopard geckos (D:1)
  A giant cockroach (D:1)
  8 goblins
  3 hobgoblins (D:1)
  A quokka (D:2)
  4 bats
  4 frilled lizards
  5 kobolds
  8 rats
41 creatures vanquished.

Notes
Turn   | Place    | Note
-------+----------+-------------------------------------------
     0 | D:1      | kae the Octopode Transmuter began the quest for the Orb.
     0 | D:1      | Reached XP level 1. HP: 13/13 MP: 3/3
    40 | D:1      | Reached XP level 2. HP: 13/18 MP: 5/5
   422 | D:1      | Reached XP level 3. HP: 23/23 MP: 4/6
   426 | D:1      | Learned a level 3 spell: Spider Form
  1401 | D:2      | Found a broken altar of Ashenzari.
  1766 | D:2      | Reached skill level 1 in Poison Magic
  1766 | D:2      | Reached XP level 4. HP: 23/29 MP: 5/7
  1883 | D:2      | HP: 1/29 [adder (4)]
  1885 | D:2      | Succumbed to an adder's poison

Illustrated notes

Levels and vault maps discovered:
D:1:      mainiacjoe_arrival_reflecting_pool, layout_basic
D:2:      layout_basic, lemuel_crystal_altar

Skill      XL: |  1  2  3 |
---------------+----------+-----
Poison Magic   | 1 |  1.2
Fighting       | |  1.7
Dodging        | |  2.4
Unarmed Combat | |  3.7
Spellcasting   | |  2.3
Transmutations | |  2.4

Action                   |  1- 3 |  4- 6 || total
-------------------------+-------+-------++-------
Melee: Unarmed           |    83 |     9 ||    92
       Constrict         |    22 |     2 ||    24
       Kick              |    13 |     3 ||    16
       Tentacles         |    11 |     2 ||    13
       Punch             |     3 |     1 ||     4
 Cast: Beastly Appendage |    27 |     2 ||    29
  Use: Potion            |       |     1 ||     1
 Stab: Sleeping          |     5 |       ||     5
Armor: Skin              |     7 |       ||     7
Dodge: Dodged            |    53 |     4 ||    57

Table legend: (Time is in decaauts)
 A = Elapsed time spent in this place.
 B = Non-inter-level travel time spent in this place.
 C = Inter-level travel time spent in this place.
 D = Time resting spent in this place.
 E = Time spent auto-exploring this place.
 F = Levels seen in this place.
 G = Mean time per level.
                   A        B        C        D        E       F      G
               +--------+--------+--------+--------+--------+-----+--------+
         Total |   1879 |   1839 |     40 |    304 |   1199 |   2 |  939.5 |
       Dungeon |   1879 |   1839 |     40 |    304 |   1199 |   2 |  939.5 |
               +--------+--------+--------+--------+--------+-----+--------+

Top non-repeatable levels by time:
     D:1: 1111 daAuts
     D:2: 768 daAuts
